AoeStats
← SinManos

Nomad

508772543Analyzed
4v4 RM · 10d ago on Sep 24, 2026· 59m 2s· 8 players
Game mode
Random Map
Map size
231×231
Population
200
Speed
Normal
Resources
Standard
Victory
Conquest
Starting age
Dark Age
Ending age
Imperial Age
RankedLock teamsTeams togetherTeam positionsShared explorationLock speedFull tech treeHidden civsTurbo modeCheats
Victory
Defeat
🇺🇸 Danes · United States
1467
+13
🇺🇸 Koreans · United States
1414
+15
🇺🇸 Huns · United States
1410
+15
🇺🇸 Vietnamese · United States
1325
+18
🇪🇸 Burgundians · Spain
1404
-16
🇻🇳 Vikings · Vietnam
1400
-16
🇨🇱 Berbers · Chile
1377
-15
🇨🇳 Persians · China
1363
-14
Mr.Brrum
4:27 Loom
10:44 Double-Bit Axe
12:39 Feudal Age
11:18 Fishing Lines
13:30 Bow Saw
13:42 Town Watch
13:56 Gillnets
20:31 Castle Age
19:42 Gold Mining
19:45 Stone Mining
20:36 Scale Barding Armor
21:29 Forging
21:46 Medium Warships
21:44 Horse Collar
25:29 Wheelbarrow
26:23 Cavalier
27:05 Husbandry
31:32 Chain Barding Armor
32:13 Gold Mining
37:08 Imperial Age
SinManos
6:37 Loom
12:01 Feudal Age
13:07 Double-Bit Axe
17:26 Fletching
21:08 Castle Age
19:42 Horse Collar
22:03 Bow Saw
23:26 Medium Warships
24:46 Wheelbarrow
28:18 Padded Archer Armor
29:12 Bodkin Arrow
31:00 Ballistics
33:35 Gold Mining
34:53 Leather Archer Armor
35:49 Husbandry
36:00 Bloodlines
38:29 Hand Cart
38:45 Town Watch
44:06 Imperial Age
44:13 Scale Barding Armor
45:17 Conscription
45:18 Bracer
44:56 Light Cavalry
46:29 Forging
46:34 Hussar
48:50 Cavalier
50:50 Chain Barding Armor
52:18 Plate Barding Armor
52:51 Iron Casting
bina
12:42 Feudal Age
13:19 Loom
17:19 Fletching
23:18 Castle Age
21:46 Double-Bit Axe
22:18 Horse Collar
22:24 Fishing Lines
22:55 Gold Mining
33:14 Bodkin Arrow
33:20 Padded Archer Armor
33:20 Scale Mail Armor
33:28 Gillnets
34:47 Padded Archer Armor
34:58 Forging
36:53 Squires
36:39 Arson
40:55 Leather Archer Armor
KG789
5:41 Loom
13:25 Feudal Age
17:22 Castle Age
17:37 Scale Barding Armor
17:42 Forging
17:23 Horse Collar
17:32 Fishing Lines
18:44 Bloodlines
22:35 Iron Casting
23:18 Husbandry
33:50 Gillnets
35:27 Chain Barding Armor
36:53 Wheelbarrow
40:37 Imperial Age
38:48 Heavy Plow
38:38 Double-Bit Axe
40:08 Hand Cart
39:51 Gold Mining
41:07 Cavalier
42:10 Conscription
43:05 Plate Barding Armor
43:13 Gold Shaft Mining
44:30 Blast Furnace
43:17 Savar
48:23 Light Cavalry
52:29 Hussar
TheTaggerung
4:56 Loom
14:01 Feudal Age
18:37 Castle Age
17:12 Double-Bit Axe
19:46 Bow Saw
20:36 Fletching
21:00 Padded Archer Armor
21:28 Gold Mining
21:54 Bodkin Arrow
23:42 Thumb Ring
23:53 Leather Archer Armor
25:50 Ballistics
26:29 Bloodlines
27:47 Wheelbarrow
29:11 Husbandry
37:11 Hand Cart
36:49 Horse Collar
41:35 Imperial Age
44:03 Bracer
44:50 Ring Archer Armor
46:01 Chemistry
47:17 Stone Mining
48:29 Two-Man Saw
47:57 Elite Rattan Archer
52:14 Pikeman
52:59 Scale Mail Armor
53:09 Forging
52:47 Halberdier
54:16 Squires
54:34 Chain Mail Armor
romulus.nashoba
10:25 Loom
13:08 Feudal Age
16:53 Castle Age
16:39 Double-Bit Axe
18:14 Bow Saw
30:35 Wheelbarrow
42:13 Fishing Lines
44:16 Ballistics
45:12 Gillnets
47:28 Gold Mining
47:52 Squires
47:13 Pikeman
48:14 Fletching
48:28 Scale Mail Armor
50:16 Scale Mail Armor
50:27 Forging
50:12 Fletching
56:28 Bodkin Arrow
58:34 Chain Mail Armor
WestPlatypus43
3:01 Loom
14:13 Feudal Age
15:16 Double-Bit Axe
18:46 Fletching
20:44 Town Watch
23:55 Castle Age
28:13 Bodkin Arrow
31:37 Ballistics
34:48 Bloodlines
37:55 Husbandry
38:31 Padded Archer Armor
40:00 Bow Saw
41:26 Wheelbarrow
41:18 Leather Archer Armor
42:29 Thumb Ring
42:20 Horse Collar
43:34 Scale Mail Armor
43:44 Forging
44:11 Pikeman
44:52 Squires
54:31 Imperial Age
53:18 Fishing Lines
54:58 Cavalier
55:35 Gillnets
56:42 Conscription
59:00 Scale Barding Armor
FreeWilly
12:21 Loom
14:07 Feudal Age
18:29 Castle Age
16:57 Fletching
18:17 Horse Collar
19:29 Medium Warships
20:03 Bodkin Arrow
20:12 Double-Bit Axe
22:55 Bow Saw
24:35 Heavy Plow
25:05 Stone Mining
33:10 Ballistics
37:50 Wheelbarrow
38:20 Heated Shot
42:14 Imperial Age
40:10 Gold Mining
42:15 Elite War Wagon
42:58 Bracer
43:51 Conscription
44:37 Chemistry
45:38 Hand Cart
44:56 Heavy Rocket Cart
46:01 Shinkichon
47:40 Gold Shaft Mining
51:36 Town Watch
51:25 Capped Ram
55:26 Husbandry
55:32 Thumb Ring
57:26 Siege Engineers
57:33 Murder Holes
Connection lost

Rejoining the realm…

Still unreachable

The connection could not be restored.

Session expired

The server has moved on; the page needs a fresh start.